Map: Temple gelé

Players

MrWalp - Winner!

  • Race: Protoss Protoss
  • League: Diamond

IA (élite)

  • Race: Terran Terran

VOD

Have the link to the VOD?

Description

Time

  • Played on: July 13, 2016, 12:17 p.m.
  • Length: 7:31
Show
View Real Time Build Order
Export as new Build Order

MrWalp Protoss - Winner!

Build Orders: 1 Gate Expand 

Get SALT Encoding   

  12  0:01  Probe (Chrono Boost)  
  13  0:11  Probe (Chrono Boost)  
  14  0:18  Pylon  
  14  0:22  Probe (Chrono Boost)  
  15  0:36  Probe (Chrono Boost)  
  15  0:37  Gateway  
  15  0:42  Assimilator  
  16  0:47  Probe (Chrono Boost)  
  17  0:57  Probe (Chrono Boost)  
  18  1:08  Probe (Chrono Boost)  
  19  1:23  Nexus  
  19  1:32  Cybernetics Core  
  19  1:35  Probe (Chrono Boost)  
  20  1:40  Assimilator  
  20  1:46  Probe (Chrono Boost)  
  21  1:52  Pylon  
  21  1:56  Probe (Chrono Boost)  
  22  2:08  Warp Gate  
  22  2:11  Mothership Core (Chrono Boost), Adept  
  26  2:27  Robotics Facility  
  26  2:29  Probe (Chrono Boost)  
  28  2:37  Probe (Chrono Boost)  
  28  2:40  Probe (Chrono Boost)  
  29  2:45  Sentry  
  29  2:47  Probe (Chrono Boost)  
  29  2:51  Probe (Chrono Boost)  
  33  2:58  Probe (Chrono Boost)  
  34  3:01  Probe (Chrono Boost)  
  34  3:04  Assimilator  
  35  3:07  Pylon  
  35  3:11  Probe (Chrono Boost), Sentry  
  38  3:14  Probe (Chrono Boost)  
  38  3:15  Observer  
  38  3:23  Probe (Chrono Boost)  
  42  3:28  Probe (Chrono Boost)  
  42  3:31  Immortal  
  42  3:36  Probe (Chrono Boost)  
  47  3:41  Gateway  
  47  3:45  Gateway  
  48  3:48  Probe (Chrono Boost)  
  48  3:50  Probe (Chrono Boost)  
  49  3:56  Pylon  
  49  4:00  Probe x2 (Chrono Boost)  
  51  4:09  Immortal  
  51  4:14  Stalker  
  58  4:18  Probe (Chrono Boost)  
  58  4:19  Probe (Chrono Boost)  
  59  4:24  Pylon  
  59  4:29  Probe (Chrono Boost)  
  60  4:40  Stalker  
  60  4:43  Stalker x2, Immortal  
  66  4:51  Pylon  
  70  5:03  Gateway x2  
  70  5:05  Gateway  
  70  5:09  Stalker  
  70  5:11  Sentry  
  70  5:13  Sentry  
  76  5:17  Warp Prism  
  75  5:24  Pylon  
  77  5:36  Pylon  
  77  5:44  Stalker x2  
  77  5:45  Stalker  
  83  5:59  Stalker x3  
  89  6:05  Pylon  
  89  6:06  Pylon  
  89  6:08  Observer  
  90  6:22  Adept  
  90  6:23  Adept x5  
  102  6:27  Pylon  
  102  6:29  Pylon  
  90  6:45  Adept x5  
  90  6:47  Adept  
  96  7:06  Adept x2  
  96  7:07  Adept x4  
Show
View Real Time Build Order
Export as new Build Order

IA (élite) Terran 

Build Orders: MMM Bio 

Get SALT Encoding   

  12  0:00  SCV  
  13  0:13  SCV  
  14  0:19  Supply Depot  
  14  0:25  SCV  
  15  0:41  SCV  
  15  0:42  Barracks  
  16  0:53  SCV  
  17  1:05  SCV  
  18  1:17  Supply Depot, SCV  
  19  1:22  Refinery  
  19  1:29  SCV, Marine  
  21  1:41  SCV  
  21  1:46  Marine  
  23  1:51  Barracks  
  23  1:53  SCV  
  24  1:56  Refinery  
  24  2:03  Supply Depot  
  24  2:04  Marine  
  24  2:05  SCV  
  26  2:17  SCV  
  26  2:22  Marine  
  28  2:24  Factory  
  28  2:29  SCV  
  29  2:38  Marine  
  29  2:40  Marine  
  29  2:42  SCV  
  32  2:54  Orbital Command  
  32  2:55  Marine  
  33  2:58  Barracks Tech Lab  
  33  3:08  Supply Depot  
  33  3:12  Starport  
  33  3:15  Barracks Tech Lab  
  33  3:17  Marine  
  34  3:28  Stimpack  
  34  3:34  Marine  
  34  3:37  Supply Depot  
  34  3:38  Marine  
  36  3:43  SCV  
  36  3:48  Medivac  
  39  3:50  Supply Depot  
  39  3:52  Marine  
  40  4:05  Combat Shields  
  40  4:18  Medivac  
  40  4:23  Marine  
  43  4:24  Marine  
  43  4:27  Engineering Bay  
  44  4:39  Barracks  
  44  4:41  Marauder  
  44  4:43  Marauder  
  48  4:48  Medivac  
  50  4:55  Missile Turret  
  50  4:56  Missile Turret  
  50  5:00  Terran Infantry Weapons Level 1  
  50  5:03  Engineering Bay, Marauder  
  50  5:04  Marine  
  53  5:13  Command Center  
  53  5:24  Marauder  
  53  5:26  Marauder  
  57  5:31  Supply Depot  
  57  5:46  Marauder, Barracks Reactor  
  59  5:52  Marauder  
  61  6:07  Marauder, Concussive Shells  
  62  6:14  Marauder  
  62  6:17  Supply Depot  
  64  6:26  SCV x2  
  64  6:28  Marauder  
  65  6:34  Marine  
  65  6:35  Marauder  
  65  6:37  Marine  
  65  6:38  SCV  
  36  6:49  Marine  
  36  6:50  SCV  
  36  6:52  Marine  
  39  6:55  Marine  
  39  6:56  Marauder  
  34  7:02  SCV  
Tags
 
Composition
MMM Bio
League
Diamond
Matchup
PvT
Add a new tag
Caveats
  • Supply blocks, unpowered buildings, or Contaminate may cause inaccurate times.
  • Supply counts are checked every 10 seconds.